 Dungeon Crawl Stone Soup version 0.27-a0-1434-g6f15984924 (webtiles) character file.

Game seed: 3149855474689944489

448 raph the Destroyer (level 6, -2/32 HPs)
             Began as a Deep Elf Conjurer on July 3, 2021.
             Slain by a wight (3 damage)
             ... on level 7 of the Dungeon.
             The game lasted 00:07:49 (3642 turns).

raph the Destroyer (Deep Elf Conjurer)              Turns: 3642, Time: 00:07:49

Health: -2/32      AC:  2    Str:  4    XL:     6   Next: 73%
Magic:  12/12      EV: 12    Int: 25    God:
Gold:   125        SH:  0    Dex: 13    Spells: 5/11 levels left

rFire    . . .     SeeInvis .   a - staff of conjuration
rCold    . . .     Faith    .   (no shield)
rNeg     . . .     Spirit   .   f - +0 robe
rPois    .         Reflect  .   (no helmet)
rElec    .         Harm     .   (no cloak)
rCorr    .         Rampage  .   (no gloves)
Will     .....                  (no boots)
Stlth    ++........             (no amulet)
HPRegen  0.10/turn              (no ring)
MPRegen  0.13/turn              (no ring)

@: studying Staves
A: no striking features
a: no special abilities


You were on level 7 of the Dungeon.
You visited 1 branch of the dungeon, and saw 7 of its levels.

You collected 125 gold pieces.

Inventory:

Hand Weapons
 b - a +0 dagger
Armour
 f - a +0 robe (worn)
Magical Staves
 a - a staff of conjuration (weapon)
Wands
 m - a wand of charming (3)
Potions
 c - 2 potions of mutation
 e - a potion of curing {unknown}
 g - 2 potions of resistance
 h - a potion of invisibility {unknown}
 i - a potion of attraction {unknown}
 j - a potion of haste {unknown}
 k - a potion of magic {unknown}
 l - a potion of lignification {unknown}
 n - 2 potions of flight {unknown}
 o - a potion of berserk rage {unknown}


   Skills:
 - Level 2.4 Dodging
 - Level 2.4 Stealth
 - Level 3.0 Spellcasting
 + Level 9.0 Conjurations


You had 5 spell levels left.
You knew the following spells:

 Your Spells              Type           Power      Damage    Failure   Level
a - Magic Dart            Conj           100%       1d8       1%          1
b - Searing Ray           Conj           100%       3d7       1%          2
c - Dazzling Flash        Conj/Hex       78%        N/A       4%          3

Your spell library contained the following spells:

 Spells                   Type           Power      Damage    Failure   Level
 Iskenderun's Battlesphe  Conj           65%        2d11      7%          5
 Fulminant Prism          Conj/Hex       19%        3d11      16%         4
 Iskenderun's Mystic Bla  Conj/Tloc      39%        2d9       16%         4
 Call Canine Familiar     Summ           3%         N/A       30%         3
 Portal Projectile        Hex/Tloc       6%         N/A       30%         3
 Fireball                 Conj/Fire      19%        3d9       41%         5
 Leda's Liquefaction      Hex/Erth       1%         N/A       69%         4
 Blade Hands              Tmut           1%         N/A       95%         5
 Excruciating Wounds      Necr           1%         N/A       95%         5
 Orb of Destruction       Conj           32%        9d12      91%         7
 Conjure Ball Lightning   Conj/Air       19%        3x3d6     94%         6


Dungeon Overview and Level Annotations

Branches:
Dungeon (9/15)               Lair (0/6) D:8
 Temple: D:4-7          Orc: D:9-12

Altars:


Message History

The wight is destroyed!
Aiming: Charm
Press: ? - help, Shift-Dir - straight line, f - orc
Aim: an orc, wielding a +0 club (chance to affect: 63%)
Okay, then.
What are your orders? t - Shout!
Orders for allies: a - Attack new target. r - Retreat! s - Stop attacking. g - Guard the area. f - Follow me.
Anything else - Cancel.
Gang up on whom?
Press: ? - help, Dir - move target, f - orc
Aim: an orc, wielding a +0 club Attack!
The orc barely misses your wight.
Your wight hits the orc with a +4 mace.
The orc dies!
The wight hits your wight but does no damage.
Your wight barely misses the wight.
The wight hits your wight with a +2 hand axe.
Your wight hits the wight with a +4 mace!
The wight misses your wight.
Your wight hits the wight with a +4 mace.
The wight is destroyed!
Your Conjurations skill increases to level 9!
Your wight hits the wight with a +4 mace!
The wight hits your wight with a +5 mace of freezing!
Your wight is destroyed!
Aiming: Charm
Press: ? - help, Shift-Dir - straight line, f - wight
Aim: a wight, wielding a +5 mace of freezing and wearing a +0 robe (severely damaged, chance to affect: 46%)
The wight resists with some effort.
Aiming: Charm
Press: ? - help, Shift-Dir - straight line, f/p - wight
Aim: a wight, wielding a +5 mace of freezing and wearing a +0 robe (heavily damaged, chance to affect: 46%)
The wight resists with some effort.
The wight hits you with a +5 mace of freezing.
* * * LOW HITPOINT WARNING * * *
The wight freezes you.
You die...

### #@# #z#
#z# #.####
#....#
##.#..z...
#..###....####
. ##.# #......
... #.##
#?.... ...o


You could see 2 wights.

Vanquished Creatures
  A black bear (D:8)
  A water moccasin zombie (D:6)
  A scorpion (D:6)
  A hound (D:2)
  An orc priest (D:3)
  3 orc wizards (D:3)
  2 adders
  A worm (D:2)
  A dart slug (D:1)
  An orc (D:3)
  A ball python (D:1)
  3 endoplasms (D:1)
  5 giant cockroaches
  7 hobgoblins
  A jackal (D:2)
  2 quokkas (D:2)
  6 bats
  4 frilled lizards
  2 goblins
  6 kobolds
  8 rats
58 creatures vanquished.

Vanquished Creatures (collateral kills)
  2 wights (D:7)
  An orc (D:7)
3 creatures vanquished.

Vanquished Creatures (others)
  A wight (D:7)
1 creature vanquished.

Grand Total: 62 creatures vanquished

Notes
Turn   | Place    | Note
-------+----------+-------------------------------------------
     0 | D:1      | raph the Deep Elf Conjurer began the quest for the Orb.
     0 | D:1      | Reached XP level 1. HP: 10/10 MP: 6/6
   253 | D:1      | Reached XP level 2. HP: 15/15 MP: 5/8
   297 | D:1      | Reached skill level 5 in Conjurations
   513 | D:1      | Found a faded altar of an unknown god.
   911 | D:1      | Learned a level 2 spell: Searing Ray
  1264 | D:2      | Reached XP level 3. HP: 19/19 MP: 5/9
  1308 | D:2      | Learned a level 3 spell: Dazzling Flash
  1424 | D:2      | Reached skill level 6 in Conjurations
  1824 | D:2      | Reached XP level 4. HP: 24/24 MP: 5/10
  2518 | D:3      | Reached skill level 7 in Conjurations
  2518 | D:3      | Reached XP level 5. HP: 28/28 MP: 6/11
  2888 | D:3      | You fall into a shaft and drop 3 floors!
  2917 | D:6      | Reached skill level 8 in Conjurations
  3039 | D:6      | Reached XP level 6. HP: 22/32 MP: 9/12
  3384 | D:6      | You fall into a shaft and drop 3 floors!
  3432 | D:8      | Found a staircase to the Lair.
  3640 | D:7      | Reached skill level 9 in Conjurations
  3642 | D:7      | HP: 1/32 [wight (6)]
  3642 | D:7      | Slain by a wight

Illustrated notes

Levels and vault maps discovered:
D:1:      wander_arrival_desolate, layout_basic,
          hellmonk_ecumenical_altar_inner_sanctum, chequers_garden,
          bh_walls_and_bars
D:2:      layout_basic, kennysheep_pointless_box,
          amcnicky_mini_rare_corridor_liquid, minmay_randomly_rotated_circles
D:3:      layout_rooms, kennysheep_crisscross, st_stairs_10
D:6:      layout_loops_ring, lemuel_zombie_altar_yredelemnul,
          nicolae_lava_and_water
D:7:      layout_layer_cave, lemuel_doored_altar, overflow_temple_1_default,
          minmay_temple_entry_nine_rooms
D:8:      minmay_gate_of_8, layout_basic, gammafunk_temple_overflow_statue,
          amcnicky_altar_gilded, lair_entry_dummy, eino_tiny_chamber
D:9:      layout_basic, orc_0_dummy, roderic_filled_cross

Skill      XL: |  1  2  3  4  5  6 |
---------------+-------------------+-----
Conjurations   | 5 6 7 8 9 |  9.0
Dodging        | |  2.4
Stealth        | |  2.4
Spellcasting   | |  3.0

Action                   |  1- 3 |  4- 6 || total
-------------------------+-------+-------++-------
Melee: Dagger            |     1 |       ||     1
       Staff             |       |     6 ||     6
 Cast: Magic Dart        |    48 |    18 ||    66
       Searing Ray       |     4 |    10 ||    14
       Dazzling Flash    |       |     1 ||     1
Evoke: Wand              |       |     3 ||     3
  Use: Scroll            |       |     9 ||     9
 Stab: Sleeping          |     1 |     1 ||     2
Armor: Robe              |     1 |     7 ||     8
Dodge: Dodged            |     3 |    41 ||    44

Table legend: (Time is in decaauts)
 A = Elapsed time spent in this place.
 B = Non-inter-level travel time spent in this place.
 C = Inter-level travel time spent in this place.
 D = Time resting spent in this place.
 E = Time spent auto-exploring this place.
 F = Levels seen in this place.
 G = Mean time per level.
                   A        B        C        D        E       F      G
               +--------+--------+--------+--------+--------+-----+--------+
         Total |   3640 |   3615 |     25 |   1525 |   1410 |   7 |  520.0 |
       Dungeon |   3640 |   3615 |     25 |   1525 |   1410 |   7 |  520.0 |
               +--------+--------+--------+--------+--------+-----+--------+

Top non-repeatable levels by time:
     D:2: 1294 daAuts
     D:1: 1114 daAuts
     D:6: 495 daAuts
     D:3: 478 daAuts
     D:8: 173 daAuts
     D:7: 66 daAuts
     D:9: 16 daAuts
